 Dungeon Sprint DCSS version 0.17-a0-968-gf8e1f1d (webtiles) character file.

148 ahoge the Protected (level 5, -13/39 HPs)
             Began as a Gargoyle Fighter on May 9, 2015.
             Was an Initiate of Okawaru.
             Mangled by a hill giant
             ... wielding a +0 giant spiked club
              (17 damage)
             ... in the Dungeon (Sprint IX: "|||||||||||||||||||||||||||||").
             The game lasted 00:01:31 (375 turns).

ahoge the Protected (Gargoyle Fighter)               Turns: 375, Time: 00:01:32

Health: -13/39     AC: 20    Str: 20    XL:     5   Next: 30%
Magic:  5/5        EV: 11    Int: 11    God:    Okawaru [......]
Gold:   0          SH:  0    Dex: 13    Spells: 0 memorised, 4 levels left

rFire  . . .     SeeInvis .     q - +2 halberd (protect)
rCold  . . .     Clarity  .     t - +2 ring mail
rNeg   + . .     SustAb   .     (no shield)
rPois  ∞         Gourm    .     (no helmet)
rElec  +         Spirit   .     r - +0 cloak
rCorr  .         Warding  .     s - +0 pair of gloves
rMut   .         NoTele   +     (no boots)
MR     .....                    (no amulet)
Stlth  +.........               v - +3 ring of intelligence
                                u - +3 ring of dexterity

@: not resistant to hostile enchantments, very unstealthy
A: negative energy resistance 1, electricity resistance, unbreathing,
petrification resistance, rot immunity, AC +4
a: Renounce Religion


You were in the Dungeon.
You worshipped Okawaru.
Okawaru was noncommittal.
You were not hungry.

You visited 1 branch

Inventory:

Hand weapons
 a - a +0 flail
 q - a +2 halberd of protection (weapon)
Armour
 b - a +0 scale mail
 c - a +0 shield
 r - a +0 cloak (worn)
 s - a +0 pair of gloves (worn)
 t - a +2 ring mail (worn)
Jewellery
 u - a +3 ring of dexterity (left hand)
 v - a +3 ring of intelligence (right hand)
Magical devices
 p - a wand of fire (7)
Scrolls
 k - 2 scrolls of blinking
 n - 3 scrolls of remove curse
 o - 2 scrolls of amnesia
Potions
 d - a potion of might
 f - 5 potions of curing
 g - 3 potions of heal wounds
 h - a potion of haste
 i - 4 potions of magic
 j - a potion of berserk rage
 m - a potion of invisibility
Comestibles
 e - a bread ration
 l - 4 chunks of flesh


   Skills:
 + Level 7.9 Fighting
 - Level 2.0 Maces & Flails
 + Level 8.6 Armour
 + Level 2.0 Dodging
 - Level 3.2 Shields


You had 4 spell levels left.
You didn't know any spells.

Dungeon Overview and Level Annotations

Branches:
Dungeon (1/1)

Altars:
Cheibriados
Dithmenos
Elyvilon
Fedhas
Gozag
Kikubaaqudgha
Makhleb
Nemelex Xobeh
Okawaru
Qazlal
Ru
Sif Muna
Trog
Vehumet
Xom
Yredelemnul
Zin
The Shining One
Beogh
Jiyva
Lugonu


Innate Abilities, Weirdness & Mutations

You are resistant to torment.
Your stone body is resilient (AC +4).
You are immune to poison.
You resist negative energy.
You are resistant to electric shocks.
You can survive without breathing.
You are immune to petrification.
You are immune to rotting.


Message History

You hit the hill giant but do no damage.
The hill giant is moderately wounded.
The hill giant hits you with a giant spiked club.
* * * LOW HITPOINT WARNING * * *
You slash the hill giant!
The hill giant is heavily wounded.
The hill giant misses you.
You hit the hill giant but do no damage.
The hill giant is heavily wounded.
The hill giant hits you but does no damage.
You slash the hill giant!
The hill giant is severely wounded.
The hill giant closely misses you.
You barely miss the hill giant.
The hill giant is severely wounded.
The hill giant hits you but does no damage.
You slash the hill giant!
The hill giant is almost dead.
The hill giant hits you with a giant spiked club!
You die... ▓▓▓▓▓▓▓▓▓▓▓▓▓▓▓▓▓▓▓▓▓▓▓▓ _______'..|)....@COF.... ▓▓▓▓▓▓▓▓▓▓▓▓▓▓▓▓▓▓▓▓▓▓▓▓

You could see a hill giant, an ogre and a giant frog.

Vanquished Creatures
  An ogre (D)
  A crimson imp (D)
  A worker ant (D)
  An adder skeleton (D)
  An orc (D)
  A goblin (D)
  A hobgoblin (D)
  A giant cockroach zombie (D)
  A giant newt (D)
  A jackal zombie (D)
  A kobold (D)
  2 rats (D)
13 creatures vanquished.

Notes
Turn   | Place    | Note
--------------------------------------------------------------
     0 | D        | ahoge, the Gargoyle Fighter, began the quest for the Orb.
     0 | D        | Reached XP level 1. HP: 14/14 MP: 1/1
    15 | D        | Reached skill level 4 in Armour
   144 | D        | Noticed a crimson imp
   144 | D        | Noticed a worker ant
   144 | D        | Noticed an ogre
   159 | D        | Killed a worker ant
   159 | D        | Reached skill level 5 in Fighting
   159 | D        | Reached skill level 5 in Armour
   159 | D        | Reached XP level 2. HP: 14/21 MP: 2/2
   159 | D        | Reached XP level 3. HP: 17/26 MP: 3/3
   168 | D        | Killed an ogre
   168 | D        | Reached skill level 7 in Fighting
   168 | D        | Reached skill level 1 in Dodging
   168 | D        | Reached XP level 4. HP: 17/34 MP: 4/4
   216 | D        | Killed a crimson imp
   216 | D        | Reached skill level 8 in Armour
   216 | D        | Reached XP level 5. HP: 20/39 MP: 5/5
   230 | D        | Found a glowing silver altar of Zin.
   230 | D        | Found a glowing golden altar of the Shining One.
   230 | D        | Found an ancient bone altar of Kikubaaqudgha.
   230 | D        | Found a basalt altar of Yredelemnul.
   230 | D        | Found a shimmering altar of Xom.
   230 | D        | Found a radiant altar of Vehumet.
   231 | D        | Found an iron altar of Okawaru.
   232 | D        | Found a burning altar of Makhleb.
   233 | D        | Found a deep blue altar of Sif Muna.
   234 | D        | Found a bloodstained altar of Trog.
   235 | D        | Found a sparkling altar of Nemelex Xobeh.
   236 | D        | Found a white marble altar of Elyvilon.
   237 | D        | Found a roughly hewn altar of Beogh.
   238 | D        | Found a viscous altar of Jiyva.
   239 | D        | Became a worshipper of Warmaster Okawaru
   240 | D        | Found a corrupted altar of Lugonu.
   241 | D        | Found a blossoming altar of Fedhas.
   242 | D        | Found a snail-covered altar of Cheibriados.
   243 | D        | Found a shadowy altar of Dithmenos.
   244 | D        | Found a stormy altar of Qazlal.
   245 | D        | Found an opulent altar of Gozag.
   246 | D        | Found a sacrificial altar of Ru.
   360 | D        | Noticed an ogre
   360 | D        | Noticed a giant frog
   360 | D        | Noticed a hill giant
   375 | D        | Mangled by a hill giant

Action                   |  1- 3 |  4- 6 || total
-------------------------+-------+-------++-------
Melee: Flail             |    38 |    38 ||    76
       Halberd           |       |    15 ||    15
